 Dungeon Crawl Stone Soup version 0.23-a0-395-gcf17ac6c65 (webtiles) character file.

136 Napalmbreeze the Chopper (level 4, -4/36 HPs)
             Began as a Demonspawn Monk on Nov 1, 2018.
             Slain by an orc priest
             ... wielding a +0 flail
              (10 damage)
             ... on level 2 of the Dungeon.
             The game lasted 00:04:53 (2738 turns).

Napalmbreeze the Chopper (Demonspawn Monk)          Turns: 2738, Time: 00:04:53

Health: -4/36      AC:  6    Str: 13    XL:     4   Next: 98%
Magic:  4/4        EV: 11    Int: 11    God:
Gold:   154        SH:  7    Dex: 15    Spells: 3/3 levels left

rFire    . . .     SeeInvis +   a - +0 hand axe
rCold    . . .     Gourm    .   p - +0 buckler
rNeg     . . .     Faith    .   k - +0 ring mail
rPois    .         Spirit   .   (no helmet)
rElec    .         Reflect  .   (no cloak)
rCorr    .         Harm     .   j - +0 pair of gloves
MR       .....                  (no boots)
Stlth    +.........             q - amulet of rage
HPRegen  0.12/turn              h - ring of see invisible
MPRegen  0.09/turn              (no ring)

@: no status effects
A: hooves 1, large bone plates 1
a: Evoke Berserk Rage


You were on level 2 of the Dungeon.
You were not hungry.

You visited 1 branch of the dungeon, and saw 3 of its levels.

You collected 154 gold pieces.

Inventory:

Hand Weapons
 a - a +0 hand axe (weapon)
 f - a +0 rapier of protection
Armour
 j - a +0 pair of gloves (worn)
 k - a +0 ring mail (worn)
 p - a +0 buckler (worn)
Jewellery
 h - a ring of see invisible (left hand)
 q - an amulet of rage (around neck)
Wands
 m - a wand of digging (4)
Scrolls
 b - 2 scrolls of magic mapping {unknown}
 d - a scroll of remove curse {unknown}
 e - 3 scrolls of identify {unknown}
 i - a scroll of fog {unknown}
 l - a scroll of enchant armour {unknown}
Potions
 g - 3 potions of might {unknown}
 o - a potion of mutation {unknown}
Comestibles
 c - 2 rations


   Skills:
 + Level 3.6 Fighting
 * Level 3.8 Axes
 + Level 1.6 Armour
 + Level 3.3 Dodging
 - Level 1.7 Stealth
 + Level 0.1 Shields


You had 3 spell levels left.
You didn't know any spells.
Your spell library was empty.

Dungeon Overview and Level Annotations

Branches:
Dungeon (3/15)

Altars:


Innate Abilities, Weirdness & Mutations

You have large cloven feet.
You are partially covered in large bone plates. (SH +4)


Message History

The orc priest mumbles some strange prayers to Beogh against you.
You barely resist. The orc priest barely misses you.
You climb upwards.
There is a stone staircase leading down here.
You closely miss the orc priest.
The orc priest mumbles some strange prayers to Beogh against you.
Pain shoots through your body!
* * * LOW HITPOINT WARNING * * *
You hit the orc priest but do no damage.
Your kick misses the orc priest.
The orc priest mumbles some strange prayers to Beogh against you.
You barely resist. You hit the orc priest.
The orc priest is lightly wounded.
The orc priest hits you but does no damage.
You completely miss the orc priest.
The orc priest is lightly wounded.
The orc priest hits you with a +0 flail!
You die...

##.# #.# #########...#.# ##.# #.#
#.............# ...# ###)#
#.#######..รท######## #### #...#
#.# ##.......... # #.### #.#
#.######### ######.#######.# #.#
# .........).....###### #.# #
##.###..........>...###.# #
#...##..........@o))....#########
..)....############............##
#...##.############..####........
##.###.##........##..# #.####.##
.......##.######.#...## #.# #.#
##.######.# #..#...###.# #.# ##.#
#.# #..........# #.# ...######.#
#.##..#.#### #.# ..........#
#.##..#.# #.#


You could see an orc priest.

Vanquished Creatures
  Ijyb (D:3)
  4 adders
  An ooze (D:1)
  A worm (D:3)
  A dart slug (D:1)
  2 leopard geckos
  3 orcs (D:2)
  2 ball pythons
  3 giant cockroaches
  6 goblins
  8 hobgoblins
  3 jackals (D:1)
  3 quokkas
  5 bats
  6 frilled lizards
  6 kobolds
  5 rats
60 creatures vanquished.

Notes
Turn   | Place    | Note
-------+----------+-------------------------------------------
     0 | D:1      | Napalmbreeze the Demonspawn Monk began the quest for the
                  | Orb.
     0 | D:1      | Reached XP level 1. HP: 18/18 MP: 1/1
   105 | D:1      | Gained mutation: You are partially covered in large bone
                  | plates. (SH +4) [demonic ancestry]
   105 | D:1      | Reached XP level 2. HP: 10/24 MP: 2/2
   987 | D:1      | Gained mutation: You have large cloven feet. [demonic
                  | ancestry]
   987 | D:1      | Reached XP level 3. HP: 29/29 MP: 3/3
  1117 | D:1      | Reached skill level 1 in Armour
  1986 | D:2      | Reached XP level 4. HP: 35/35 MP: 4/4
  2251 | D:3      | Noticed Ijyb
  2272 | D:3      | Killed Ijyb
  2738 | D:2      | Slain by an orc priest

Vault maps used:
D:1:      matt_arrival_los_fun
D:3:      grunt_qazlal_sundering, uniq_ijyb

Skill      XL: |  1  2  3 |
---------------+----------+-----
Axes           | 3 |  3.8
Armour         | 1 |  1.6
Dodging        | 3 |  3.3
Fighting       | |  3.6
Stealth        | |  1.7
Shields        | |  0.1

Action                   |  1- 3 |  4- 6 || total
-------------------------+-------+-------++-------
Melee: Hand axe          |   107 |    86 ||   193
       Kick              |     8 |    25 ||    33
 Stab: Sleeping          |     2 |     1 ||     3
  Eat: Chunk             |     3 |     3 ||     6
Armor: Robe              |    30 |       ||    30
       Ring mail         |    10 |    30 ||    40
Dodge: Dodged            |    73 |    47 ||   120
Block: Other             |    21 |    12 ||    33
       Buckler           |       |    17 ||    17

Table legend:
 A = Non-vault XP
 B = Vault XP
 C = Vault XP percentage of total XP
 D = Non-vault monster count
 E = Vault monster count
 F = Vault count percentage of total count
                 A         B        C        D         E       F
            +---------+---------+-------+---------+---------+-------
      Total |     159 |      36 |  18.5 |      59 |       1 |   1.7
            +---------+---------+-------+---------+---------+-------
        D:1 |      56 |       0 |   0.0 |      29 |       0 |   0.0
        D:2 |      70 |       0 |   0.0 |      18 |       0 |   0.0
        D:3 |      33 |      36 |  52.2 |      12 |       1 |   7.7
            +---------+---------+-------+---------+---------+-------
